 Dungeon Crawl Stone Soup version 0.31-a0-986-g5e6e4ef867 (webtiles) character file.

Game seed: 8566997709902363698

424 pokeman the Magician (level 6, -1/34 HPs)
             Began as a Deep Elf Hedge Wizard on Nov 23, 2023.
             Killed by divine providence
             ... invoked by an orc priest
              (13 damage)
             ... on level 4 of the Dungeon.
             The game lasted 00:06:14 (3529 turns).

pokeman the Magician (Deep Elf Hedge Wizard)        Turns: 3529, Time: 00:06:20

Health: -1/34      AC:  5    Str:  7    XL:     6   Next: 64%
Magic:  8/18       EV: 13    Int: 21    God:
Gold:   128        SH:  0    Dex: 14    Spells: 8/19 levels left

rFire   . . .        t - +2 whip (venom)
rCold   . . .        (no shield)
rNeg    . . .        b - +0 robe
rPois   .            c - +0 hat
rElec   .            (no cloak)
rCorr   .            (no gloves)
SInv    .            e - +2 pair of boots
Will    .....        (no amulet)
Stlth   ++           f - ring of wizardry
HPRegen 0.25/turn    (no ring)
MPRegen 0.16/turn

%: wizardry (x1)
@: no status effects
A: no striking features
a: no special abilities


You were on level 4 of the Dungeon.
You visited 1 branch of the dungeon, and saw 4 of its levels.

You collected 128 gold pieces.

Inventory:

Hand Weapons
 i - a +0 whip of electrocution
 t - a +2 whip of venom (weapon)
Armour
 b - a +0 robe (worn)
 c - a +0 hat (worn)
 e - a +2 pair of boots (worn)
 h - a +0 buckler
Magical Staves
 n - a staff of cold
Jewellery
 f - a ring of wizardry (left hand)
Scrolls
 k - 2 scrolls of identify {unknown}
 l - a scroll of teleportation {unknown}
 m - 3 scrolls of noise {unknown}
 o - a scroll of fear {unknown}
 p - a scroll of revelation {unknown}
 q - 3 scrolls of vulnerability {unknown}
 r - a scroll of silence {unknown}
Potions
 a - 3 potions of curing {unknown}
 d - a potion of magic
 g - 2 potions of haste {unknown}
 j - a potion of enlightenment {unknown}
 s - a potion of cancellation {unknown}


   Skills:
 + Level 1.0 Fighting
 - Level 1.0 Armour
 - Level 3.0 Dodging
 - Level 3.0 Stealth
 - Level 1.0 Shields
 * Level 7.1 Spellcasting
 + Level 3.2 Conjurations
 - Level 1.1 Summonings
 - Level 1.1 Translocations
 - Level 1.0 Ice Magic
 - Level 1.0 Air Magic
 + Level 1.0 Earth Magic
 - Level 1.0 Poison Magic
 - Level 1.1 Evocations


You had 8 spell levels left.
You knew the following spells:

 Your Spells              Type           Power      Damage    Failure   Level
a - Magic Dart            Conj           84%        1d7       1%          1
b - Mephitic Cloud        Conj/Pois/Air  14%        N/A       5%          3
c - Call Imp              Summ           24%        N/A       3%          2
d - Blink                 Tloc           24%        N/A       3%          2
e - Stone Arrow           Conj/Erth      32%        3d9       4%          3

Your spell library contained the following spells:

 Spells                   Type           Power      Damage    Failure   Level
 Kiss of Death            Conj/Necr      56%        2d9       1%          1
 Sandblast                Erth           22%        2d7       2%          1
 Slow                     Hex            28%        N/A       3%          1
 Cigotuvi's Dreadful Rot  Necr/Pois/Air  20%        N/A       4%          2
 Passwall                 Tmut/Erth      7%         N/A       4%          2
 Brom's Barrelling Bould  Conj/Erth      16%        2d4       14%         4


Dungeon Overview and Level Annotations

Branches:
Dungeon (4/15)
 Temple: D:4-7

Altars:
Hepliaklqana
Makhleb
Sif Muna


Message History

You catch the helpless orc priest completely off-guard!
You hit the orc priest.
You punch the orc priest, but do no damage.
The orc priest is moderately wounded.
The orc priest hits you with a +0 club.
You see here a hound corpse.
You strike the helpless orc priest from behind!
You hit the orc priest.
The orc priest looks as sick as possible!
The orc priest is heavily wounded.
The orc priest misses you.
You hit the orc priest.
The orc priest looks as sick as possible!
The orc priest is severely wounded.
You hit the orc priest.
You kill the orc priest!
Your Air Magic skill increases to level 1!
An iguana comes into view.
Casting: Mephitic Cloud (dangerous; 5% risk of failure)
Confirm with . or Enter, or press ? or * to list all spells.
Aiming: Mephitic Cloud (dangerous; 5% risk of failure)
Press: ? - help, Shift-Dir - straight line The ball explodes into a vile cloud!
The stinking cloud engulfs the iguana but does no damage.
The iguana hisses angrily.
You hear a shout!
The iguana is engulfed in noxious fumes.
The iguana appears confused.
Unknown command.
Things that are here:
a +0 club; a +0 robe; a black bear corpse
Items here: $ ( [ ÷ †.
You hit the iguana but do no damage.
The iguana is poisoned.
The iguana bites you but does no damage.
You whack the iguana!
The iguana looks as sick as possible!
The iguana is heavily wounded.
The orc priest mumbles some strange prayers to Beogh against you.
Beogh smites you! The iguana barely misses you. The iguana bites you!
The orc priest mumbles some strange prayers to Beogh against you.
Beogh smites you!
You die...

. ... #.... .#=####
.o... ## ### ##... .
. ....##.()####.##
#. #.....?.......
#.# ####.l.)....##
###
#.##########@.###$.#
..###..)..†)..(..#
.# #.#.###########.#
#.## #... #.# ###.#
#.# ..) #.# ### #.#
#.#


You could see an iguana (confused, extremely poisoned) and an orc priest.

Vanquished Creatures
  A black bear (D:4)
  A howler monkey (D:4)
  An orc priest (D:4)
  A hound (D:4)
  An iguana (D:3)
  2 orc wizards (D:3)
  5 gnolls
  4 adders
  2 worms
  3 dart slugs
  3 orcs (D:4)
  4 bats
  An endoplasm (D:1)
  A giant cockroach (D:2)
  5 goblins
  9 hobgoblins
  2 jackals (D:2)
  3 quokkas
  8 ball pythons
  4 frilled lizards
  3 kobolds
  7 rats
71 creatures vanquished.

Vanquished Creatures (collateral kills)
  An endoplasm (D:4)
1 creature vanquished.

Grand Total: 72 creatures vanquished

Notes
Turn   | Place    | Note
-------+----------+-------------------------------------------
     0 | D:1      | pokeman the Deep Elf Hedge Wizard began the quest for the
                  | Orb.
     0 | D:1      | Reached XP level 1. HP: 10/10 MP: 7/7
   213 | D:1      | Reached XP level 2. HP: 15/15 MP: 7/9
   646 | D:1      | Reached skill level 5 in Spellcasting
   832 | D:1      | Reached XP level 3. HP: 10/20 MP: 0/11
   836 | D:1      | Learned a level 3 spell: Mephitic Cloud
   839 | D:1      | Learned a level 2 spell: Call Imp
   842 | D:1      | Learned a level 2 spell: Blink
  1420 | D:2      | Reached skill level 1 in Armour
  1587 | D:2      | Reached skill level 1 in Fighting
  1927 | D:2      | Reached XP level 4. HP: 25/25 MP: 6/13
  2042 | D:2      | Learned a level 3 spell: Stone Arrow
  2272 | D:3      | Identified the "Ixonk"
  2337 | D:3      | Found a burning altar of Makhleb.
  2614 | D:3      | Found a shimmering blue altar of Sif Muna.
  2623 | D:3      | Reached skill level 1 in Shields
  2623 | D:3      | Reached skill level 6 in Spellcasting
  2623 | D:3      | Reached XP level 5. HP: 29/29 MP: 10/15
  3079 | D:3      | Found a hazy altar of Hepliaklqana.
  3103 | D:3      | Found a faded altar of an unknown god.
  3257 | D:4      | Reached skill level 1 in Evocations
  3312 | D:4      | Noticed a black bear
  3413 | D:4      | Killed a black bear
  3414 | D:4      | Reached XP level 6. HP: 24/34 MP: 13/17
  3482 | D:4      | Reached skill level 7 in Spellcasting
  3482 | D:4      | Reached skill level 1 in Ice Magic
  3482 | D:4      | Reached skill level 1 in Earth Magic
  3482 | D:4      | Reached skill level 1 in Poison Magic
  3488 | D:4      | Reached skill level 1 in Air Magic
  3529 | D:4      | Killed from afar by an orc priest

Illustrated notes

Levels and vault maps discovered:
D:1:      psy_arrival_terrarium, layout_loops_ring
D:2:      layout_basic, roderic_roman_lattice
D:3:      layout_rooms, bloody_makhleb, led_sif_book,
          nicolae_hepliaklqana_hippocampus, hellmonk_ecumenical_altar_run_dry,
          chequers_serial_rivers_large_b
D:4:      layout_loops_ring, okawaru_altar_gauntlet_db,
          overflow_temple_1_default, minmay_temple_entry_mist

Skill      XL: |  1  2  3  4  5  6 |
---------------+-------------------+-----
Spellcasting   | 5 6 7 |  7.1
Armour         | 1 |  1.0
Fighting       | 1 |  1.0
Conjurations   | 2 3 |  3.2
Dodging        | 3 |  3.0
Shields        | 1 |  1.0
Stealth        | 3 |  3.0
Evocations     | 1 |  1.1
Ice Magic      | 1 |  1.0
Earth Magic    | 1 |  1.0
Poison Magic   | 1 |  1.0
Air Magic      | 1 |  1.0
Summonings     | |  1.1
Translocations | |  1.1

Action                     |  1- 3 |  4- 6 || total
---------------------------+-------+-------++-------
  Melee: Whip              |     7 |    31 ||    38
         Punch             |       |     2 ||     2
   Cast: Magic Dart        |    93 |    72 ||   165
         Call Imp          |     1 |     1 ||     2
         Mephitic Cloud    |       |     9 ||     9
         Stone Arrow       |       |     5 ||     5
         Blink             |       |     2 ||     2
   Stab: Confused          |       |     6 ||     6
         Sleeping          |       |     1 ||     1
 Armour: Robe              |    12 |    22 ||    34
  Dodge: Dodged            |    12 |    20 ||    32

Table legend: (Time is in decaauts)
 A = Elapsed time spent in this place.
 B = Non-inter-level travel time spent in this place.
 C = Inter-level travel time spent in this place.
 D = Time resting spent in this place.
 E = Time spent auto-exploring this place.
 F = Levels seen in this place.
 G = Mean time per level.
                   A        B        C        D        E       F      G
               +--------+--------+--------+--------+--------+-----+--------+
         Total |   3556 |   3435 |    121 |    161 |   2821 |   4 |  889.0 |
       Dungeon |   3556 |   3435 |    121 |    161 |   2821 |   4 |  889.0 |
               +--------+--------+--------+--------+--------+-----+--------+

Top non-repeatable levels by time:
     D:1: 1259 daAuts
     D:2: 1012 daAuts
     D:3: 944 daAuts
     D:4: 340 daAuts
